[Event "Team 45 45 League T38"]
[Site "Internet Chess Club"]
[Date "2008.08.31"]
[Round "6"]
[White "A-Ru"]
[Black "kabindra"]
[Result "0-1"]
[WhiteElo "1819"]
[BlackElo "1872"]
[Opening "Queen's pawn game"]
[ECO "D04"]
[Time "09:01:34"]
[TimeControl "2700+45"]

1. d4 d5 2. Nf3 Nf6 3. e3 Bg4 4. c4 e6 5. Qb3 Qc8 6. Ne5 Bf5 7. Nc3 c6 8. Bd2
Bd6 9. Rc1 dxc4 10. Nxc4 Bc7 11. Be2 O-O 12. O-O Nbd7 13. Bf3 Bg4 14. Ne4 Bxf3
15. gxf3 Nxe4 16. fxe4 Rb8 17. Bb4 Re8 18. e5 Nb6 19. Nd2 Nd5 20. Ne4 Nxb4 21.
Qxb4 Qd7 22. Kh1 Qd5 23. f3 Ba5 24. Qa4 Bb6 25. Nd6 Rf8 26. Kg1 f6 27. f4 fxe5
28. fxe5 Rf3 29. Rce1 Rbf8 30. Qd1 Ba5 31. e4 Rxf1+ 32. Rxf1 Rxf1+ 33. Qxf1
Qxd4+ 34. Kh1 h6 35. Qe2 Bb6 36. Kg2 Qxe5 37. Nxb7 Qg5+ 38. Kh3 Qe7 39. Qg4 Kh8
40. Qg6 Qxb7 41. Qxe6 Qb8 42. Qxc6 Qe5 43. Qc2 Qc5 44. Qa4 Qe3+ 45. Kg4 Qg5+ 46.
Kh3 Qh5+ 47. Kg2 Qg4+ 48. Kf1 Qg1+ 49. Ke2 Qxh2+ 50. Kf3 Qh3+ 51. Ke2 Qe3+ 52.
Kd1 Qd4+ {White resigns} 0-1

[Event "Team 45 45 League T38"]
[Site "Internet Chess Club"]
[Date "2008.08.30"]
[Round "6"]
[White "AronT"]
[Black "Rookmaster"]
[Result "1/2-1/2"]
[WhiteElo "1722"]
[BlackElo "1863"]
[Opening "QGD: Chigorin defense"]
[ECO "D07"]
[Time "08:00:47"]
[TimeControl "2700+45"]

1. d4 d5 2. c4 Nc6 3. cxd5 Qxd5 4. Nf3 e5 5. dxe5 Qxd1+ 6. Kxd1 Bg4 7. Bf4 Nge7
8. Nc3 Ng6 9. Bg3 O-O-O+ 10. Kc2 Bb4 11. Re1 Rd7 12. h3 Bxf3 13. exf3 Nd4+ 14.
Kb1 Rhd8 15. Bc4 b5 16. Be2 h5 17. f4 h4 18. Bh2 Nxe2 19. Rxe2 Bxc3 20. bxc3
Rd1+ 21. Rxd1 Rxd1+ 22. Kc2 Rh1 23. f5 Rxh2 24. fxg6 fxg6 25. f4 Rh1 26. e6 Kd8
27. Kb3 Rb1+ 28. Kc2 Ra1 29. Kd3 Rd1+ 30. Ke4 Ke7 31. f5 Rf1 32. fxg6 Kxe6 33.
Kd4+ Kd6 34. Re4 Rf2 35. Rxh4 Rxg2 36. Rh5 c6 37. a4 a6 38. axb5 axb5 39. c4
bxc4 40. Kxc4 Rxg6 41. Kd4 Rg3 42. Rh7 c5+ 43. Kc4 Rg1 44. Rh5 Rg2 45. Rd5+ Ke6
46. Rh5 Kf6 47. Kxc5 Rg5+ 48. Rxg5 Kxg5 49. Kd5 Kh4 50. Ke5 Kxh3 51. Kf5 {Game
drawn by mutual agreement} 1/2-1/2

[Event "Team 45 45 League T38"]
[Site "Internet Chess Club"]
[Date "2008.09.01"]
[Round "6"]
[White "Marichan"]
[Black "gtm"]
[Result "1/2-1/2"]
[WhiteElo "1758"]
[BlackElo "1757"]
[Opening "Scandinavian: Marshall variation"]
[ECO "B01"]
[Time "20:19:18"]
[TimeControl "2700+45"]

1. e4 d5 2. exd5 Nf6 3. d4 Nxd5 4. Nf3 g6 5. Bc4 Bg7 6. Bxd5 Qxd5 7. Nc3 Qd6 8.
O-O O-O 9. Re1 c6 10. Bg5 Re8 11. Qd3 Bg4 12. Rad1 Nd7 13. h3 Bf5 14. Qd2 Nf6
15. Bf4 Qd7 16. Ne5 Qc8 17. Re3 Nd5 18. Nxd5 cxd5 19. Rc3 Qd8 20. Rb3 b6 21. Rc1
Rc8 22. Ra3 f6 23. Nf3 e5 24. dxe5 fxe5 25. Bg5 Qd7 26. g4 Be6 27. Bh6 e4 28.
Nd4 Rc7 29. Nxe6 Rxe6 30. Bxg7 Kxg7 31. Qd4+ Kg8 32. c4 dxc4 33. Rxc4 Qxd4 34.
Rxd4 b5 35. Re3 Rce7 36. Rd5 a6 37. Rd2 g5 38. Rde2 Kf7 39. Kf1 Kf6 40. Ke1 h6
41. Kd2 Rd7+ 42. Kc3 Rc7+ 43. Kd4 Rc4+ 44. Kd5 Re5+ 45. Kd6 Re6+ 46. Kd5 Re5+
47. Kd6 Rd4+ 48. Kc6 Rc4+ 49. Kd6 {Game drawn by repetition} 1/2-1/2

[Event "Team 45 45 League T38"]
[Site "Internet Chess Club"]
[Date "2008.09.01"]
[Round "6"]
[White "ivanson"]
[Black "JPB"]
[Result "0-1"]
[WhiteElo "1779"]
[BlackElo "1761"]
[Opening "Ruy Lopez: Berlin defense, open variation"]
[ECO "C67"]
[Time "20:00:37"]
[TimeControl "2700+45"]

1. e4 e5 2. Nf3 Nc6 3. Bb5 Nf6 4. O-O Nxe4 5. d4 Nd6 6. Bxc6 dxc6 7. dxe5 Nf5 8.
Qxd8+ Kxd8 9. Nc3 h6 10. Rd1+ Ke8 11. h3 Ne7 12. Bf4 Ng6 13. Bh2 Bb4 14. Ne2 Be6
15. Nfd4 Bc4 16. c3 Be7 17. b3 Be6 18. Nxe6 fxe6 19. Nd4 Kf7 20. Rd3 Bc5 21.
Rad1 Rhd8 22. Ne2 Rd5 23. c4 Rxd3 24. Rxd3 Ke7 25. Kf1 Rf8 26. Rg3 Rxf2+ 27. Ke1
Nh4 28. Bg1 Nxg2+ 29. Rxg2 Rxg2 30. Bxc5+ Kd7 31. Bf8 b6 32. Kf1 Rg5 33. Ke1 c5
34. h4 Rg4 35. Kf2 Ke8 36. Kf3 h5 {White resigns} 0-1

[Event "Team 45 45 League T38"]
[Site "Internet Chess Club"]
[Date "2008.09.01"]
[Round "6"]
[White "Emrebey"]
[Black "PJ"]
[Result "0-1"]
[WhiteElo "1597"]
[BlackElo "1772"]
[Opening "English: symmetrical variation"]
[ECO "A30"]
[Time "14:23:49"]
[TimeControl "2700+45"]

1. c4 c5 2. Nf3 Nc6 3. g3 g6 4. Bg2 Bg7 5. O-O e6 6. Nc3 Nge7 7. e4 O-O 8. d3 d5
9. cxd5 exd5 10. exd5 Nxd5 11. Ne4 b6 12. Rb1 Ndb4 13. a3 Nxd3 14. Qa4 Bd7 15.
Nfg5 Nxc1 16. Rfxc1 Nd4 17. Qd1 Bf5 18. Nxh7 Kxh7 {White resigns} 0-1

[Event "Team 45 45 League T38"]
[Site "Internet Chess Club"]
[Date "2008.09.04"]
[Round "6"]
[White "jesterday"]
[Black "fishhead"]
[Result "1/2-1/2"]
[WhiteElo "1975"]
[BlackElo "1858"]
[Opening "Alekhine's defense: Sämisch attack"]
[ECO "B02"]
[Time "16:04:20"]
[TimeControl "2700+45"]

1. e4 Nf6 2. e5 Nd5 3. Nc3 Nxc3 4. dxc3 d6 5. Bc4 Nc6 6. Bf4 g6 7. Nf3 Bg7 8.
Bxf7+ Kxf7 9. Ng5+ Kg8 10. Qd5+ e6 11. Nxe6 Bxe6 12. Qxe6+ Kf8 13. O-O-O Nxe5
14. Rhe1 Qf6 15. Qxf6+ Bxf6 16. Re4 Kf7 17. Rf1 Rhe8 18. Bd2 Nd7 19. Rb4 b6 20.
g4 a5 21. Rc4 c5 22. g5 Bg7 23. f4 Re2 24. f5 Be5 25. Rh4 Rxh2 26. Rxh2 Bxh2 27.
Rh1 Be5 28. Rxh7+ Ke8 29. fxg6 Rd8 30. Kd1 Kf8 31. Bf4 Bxf4 32. Rh8+ Kg7 33.
Rxd8 Nf8 34. Rb8 Nxg6 35. Rxb6 Kf7 36. Ra6 Ke6 37. Rxa5 Bxg5 38. b4 Kd5 39. b5
Ne5 40. Ra3 Nc4 41. Rb3 Nb6 42. Ke2 Kc4 43. a4 {Game drawn by mutual agreement}
1/2-1/2

[Event "Team 45 45 League T38"]
[Site "Internet Chess Club"]
[Date "2008.09.07"]
[Round "6"]
[White "HoHo"]
[Black "makito"]
[Result "0-1"]
[WhiteElo "1881"]
[BlackElo "1834"]
[Opening "Petrov: Nimzovich attack"]
[ECO "C42"]
[Time "12:07:07"]
[TimeControl "2700+45"]

1. e4 e5 2. Nf3 Nf6 3. Nxe5 d6 4. Nf3 Nxe4 5. Nc3 Nf6 6. d4 Bg4 7. h3 Bh5 8. Be2
Be7 9. O-O O-O 10. Be3 Nbd7 11. Qd2 c5 12. dxc5 dxc5 13. Rad1 Qb6 14. Nd5 Nxd5
15. Qxd5 Nf6 16. Qe5 Rfe8 17. Qc3 Rad8 18. a3 Nd5 19. Qe5 Nxe3 20. Rxd8 Qxd8 21.
Qxe3 Bf6 22. Qxc5 Rxe2 23. Qxh5 Rxc2 24. Qb5 Rxb2 25. Qa4 Qa8 26. Re1 b5 27.
Qxa7 Qd8 28. Qc7 Kf8 29. Qxd8+ Bxd8 30. Ne5 g6 31. Rd1 Be7 32. Rd3 Kg7 33. Rf3
Bd6 34. Nxf7 Rb1# {White checkmated} 0-1

[Event "Team 45 45 League T38"]
[Site "Internet Chess Club"]
[Date "2008.08.31"]
[Round "6"]
[White "besonegro"]
[Black "CREDITorDEBIT"]
[Result "0-1"]
[WhiteElo "1701"]
[BlackElo "1691"]
[Opening "King's Indian: London system"]
[ECO "A48"]
[Time "13:02:42"]
[TimeControl "2700+45"]

1. d4 Nf6 2. Nf3 g6 3. Bf4 Bg7 4. e3 d6 5. Bc4 Nbd7 6. O-O O-O 7. h3 a5 8. a4
Nb6 9. Bb3 Bd7 10. c3 Rc8 11. Nbd2 c5 12. dxc5 Rxc5 13. e4 Qc8 14. Be3 Rc6 15.
Nd4 Rc7 16. Qe2 Na8 17. Nb5 Bxb5 18. Qxb5 b6 19. f3 Nd7 20. Bd5 e6 21. Bxa8 Qxa8
22. Nc4 d5 23. Nxb6 Nxb6 24. Bxb6 Rb7 25. Qxa5 Qb8 26. Bc5 Rc8 27. exd5 Rxb2 28.
dxe6 fxe6 29. Bd4 Bxd4+ 30. cxd4 Qg3 {White resigns} 0-1

[Event "Team 45 45 League T38"]
[Site "Internet Chess Club"]
[Date "2008.08.30"]
[Round "6"]
[White "Mater"]
[Black "incachess"]
[Result "1-0"]
[WhiteElo "1703"]
[BlackElo "1639"]
[Opening "QGD: classical variation (5.Bf4)"]
[ECO "D37"]
[Time "15:34:47"]
[TimeControl "2700+45"]

1. d4 d5 2. c4 e6 3. Nc3 Nf6 4. Nf3 Be7 5. Bf4 O-O 6. e3 b6 7. cxd5 Nxd5 8. Nxd5
exd5 9. Bd3 Bd6 10. Ne5 f6 11. Qh5 h6 12. Bxh6 fxe5 13. dxe5 Bxe5 14. Bxg7 Bxg7
15. Bh7+ Kh8 16. Bg6+ Kg8 17. Qh7# {Black checkmated} 1-0

[Event "Team 45 45 League T38"]
[Site "Internet Chess Club"]
[Date "2008.09.01"]
[Round "6"]
[White "PandorasBox"]
[Black "reb"]
[Result "0-1"]
[WhiteElo "2131"]
[BlackElo "2283"]
[Opening "Sicilian: wing gambit, Marshall variation"]
[ECO "B20"]
[Time "16:03:36"]
[TimeControl "2700+45"]

1. e4 c5 2. b4 cxb4 3. a3 d5 4. exd5 Qxd5 5. Nf3 Bg4 6. Be2 Bxf3 7. Bxf3 Qe5+ 8.
Qe2 Qxa1 9. Qb5+ Nd7 10. Qxb4 Qe5+ 11. Kd1 Rb8 12. Re1 Qxh2 13. d3 e5 14. Qa4
Ne7 15. Nc3 a6 16. Ne4 Nf5 17. g3 Nd4 18. Nf6+ gxf6 19. Qxd4 Bc5 20. Qg4 Bxf2
21. Rh1 Qxg3 22. Qe4 Bd4 23. Bd2 Bc5 24. Re1 Bxa3 25. Bf4 Qg6 26. Qa4 Qf5 27.
Bh1 Qg4+ 28. Kd2 Be7 29. Re4 exf4 30. Qb4 Ne5 31. Qa4+ b5 32. Qxa6 Qg1 33. d4
Nc4+ 34. Kc3 Qg3+ {White resigns} 0-1

[Event "Team 45 45 League T38"]
[Site "Internet Chess Club"]
[Date "2008.08.29"]
[Round "6"]
[White "John3v16"]
[Black "fledermaus"]
[Result "0-1"]
[WhiteElo "1739"]
[BlackElo "1993"]
[Opening "Queen's pawn, Mason variation"]
[ECO "D00"]
[Time "08:02:19"]
[TimeControl "2700+45"]

1. d4 d5 2. Bf4 e6 3. Nf3 Nf6 4. h3 c5 5. e3 Nc6 6. c3 Bd6 7. dxc5 Bxc5 8. Nbd2
Qe7 9. Ne5 O-O 10. Ndf3 Nxe5 11. Nxe5 Ne4 12. Bd3 f6 13. Nf3 e5 14. Bh2 Nd6 15.
Bc2 Be6 16. O-O Rfd8 17. Nd2 Rac8 18. Qh5 g6 19. Qh4 e4 20. Bxd6 Bxd6 21. f4 Qg7
22. Nb3 g5 23. fxg5 fxg5 24. Qf2 Rf8 25. Qd2 Qe5 26. Rf2 Qh2+ 27. Kf1 Qh1+ 28.
Ke2 Rxf2+ 29. Kxf2 Rf8+ 30. Ke2 Qxg2+ {White resigns} 0-1

[Event "Team 45 45 League T38"]
[Site "Internet Chess Club"]
[Date "2008.09.01"]
[Round "6"]
[White "gorgon"]
[Black "ckm8u"]
[Result "0-1"]
[WhiteElo "2020"]
[BlackElo "2081"]
[Opening "Old Benoni defense"]
[ECO "A46"]
[Time "14:14:48"]
[TimeControl "2700+45"]

1. d4 Nf6 2. Nf3 c5 3. d5 e6 4. Nc3 Qa5 5. Bd2 Qb6 6. e4 exd5 7. exd5 Be7 8. a4
a6 9. Bc4 O-O 10. O-O d6 11. Re1 Re8 12. Bg5 Qd8 13. Bxf6 Bxf6 14. Rxe8+ Qxe8
15. Qd3 g6 16. Re1 Qf8 17. Ne4 Be7 18. Qe3 Nd7 19. Nxc5 Nxc5 20. Qxe7 Qxe7 21.
Rxe7 Nxa4 22. b4 b5 23. Bb3 Kf8 24. Rc7 h6 25. Nd4 Nb2 26. f3 Ke8 27. Kf2 Bd7
28. Ke3 Kd8 29. Rc3 a5 30. bxa5 Nd1+ 31. Kd2 Nxc3 32. Kxc3 Rxa5 33. Kb4 {White
resigns} 0-1

[Event "Team 45 45 League T38"]
[Site "Internet Chess Club"]
[Date "2008.09.01"]
[Round "6"]
[White "fileman"]
[Black "rasdern"]
[Result "1-0"]
[WhiteElo "1889"]
[BlackElo "1702"]
[Opening "Sicilian: wing gambit, Marshall variation"]
[ECO "B20"]
[Time "14:56:06"]
[TimeControl "2700+45"]

1. e4 c5 2. b4 cxb4 3. a3 d5 4. exd5 Qxd5 5. Nf3 e5 6. Bb2 Nc6 7. c4 bxc3 8.
Nxc3 Qd8 9. Bc4 Bc5 10. O-O Nge7 11. Ng5 O-O 12. Qh5 Bf5 13. Bxf7+ Kh8 14. g4 h6
15. gxf5 Qxd2 16. Nce4 Qxb2 17. f6 Rxf7 18. Nxf7+ Kg8 19. Nxc5 gxf6 20. Nxh6+
{Black resigns} 1-0

[Event "Team 45 45 League T38"]
[Site "Internet Chess Club"]
[Date "2008.08.30"]
[Round "6"]
[White "Python132"]
[Black "rubo"]
[Result "1-0"]
[WhiteElo "1788"]
[BlackElo "1736"]
[Opening "Benkö gambit half accepted"]
[ECO "A57"]
[Time "16:00:41"]
[TimeControl "2700+45"]

1. d4 Nf6 2. c4 c5 3. d5 b5 4. cxb5 a6 5. b6 e6 6. Nc3 Nxd5 7. Nxd5 exd5 8. Qxd5
Nc6 9. e4 Be7 10. Bc4 O-O 11. Nf3 Rb8 12. a3 Qxb6 13. O-O d6 14. Qh5 g6 15. Qh6
Be6 16. Ng5 Bxg5 17. Bxg5 Qxb2 18. Bxa6 Qg7 19. Qxg7+ Kxg7 20. a4 Rb6 21. Bb5
Nd4 22. Rab1 Rfb8 23. Bd3 Rxb1 24. Rxb1 Rxb1+ 25. Bxb1 f6 26. Be3 Ne2+ 27. Kf1
Bc4 28. Ke1 Kf7 29. Kd2 Nd4 30. Bxd4 cxd4 31. Bd3 Bxd3 32. Kxd3 Ke6 33. Kxd4 f5
34. exf5+ gxf5 35. a5 Kd7 36. a6 Kc7 37. Kd5 Kb6 38. a7 Kxa7 39. Kxd6 Kb6 40.
Ke5 Kc5 41. Kxf5 Kd5 42. h4 Kd6 43. g4 Ke7 44. g5 Kf7 45. h5 Kg7 46. g6 h6 47.
f3 Kg8 48. Kf6 Kh8 49. Ke7 Kg7 50. f4 Kg8 51. f5 Kh8 52. f6 {Black resigns} 1-0

[Event "Team 45 45 League T38"]
[Site "Internet Chess Club"]
[Date "2008.08.30"]
[Round "6"]
[White "Ehab"]
[Black "chess92192"]
[Result "0-1"]
[WhiteElo "1747"]
[BlackElo "1822"]
[Opening "Ruy Lopez: exchange, Gligoric variation"]
[ECO "C69"]
[Time "16:00:08"]
[TimeControl "2700+45"]

1. e4 e5 2. Nf3 Nc6 3. Bb5 a6 4. Bxc6 dxc6 5. O-O f6 6. d3 Bg4 7. h3 Bh5 8. b3
Qd7 9. Nbd2 O-O-O 10. Qe1 Bc5 11. Bb2 Ne7 12. b4 Bxb4 13. Qe3 Kb8 14. Rab1 Qd6
15. Nb3 Bf7 16. a3 Bxb3 17. Bxe5 fxe5 18. Rxb3 Bc5 19. Qe2 Bb6 20. Rfb1 Ng6 21.
a4 Nf4 22. Qf1 a5 23. g3 Ne6 24. c4 Rhf8 25. Kg2 Rxf3 26. Kxf3 Nd4+ 27. Kg2 Nxb3
28. Rxb3 Rf8 29. f3 Rd8 30. Qb1 Qd4 31. Qf1 Qe3 32. h4 Qd2+ 33. Kh3 Qf2 34. Qxf2
Bxf2 35. Kg4 Kc8 36. h5 g6 37. hxg6 hxg6 38. f4 exf4 39. gxf4 b6 40. Kg5 Be3 41.
Kxg6 Bxf4 42. Kf5 Rf8+ 43. Ke6 Bd6 44. Rb1 Re8+ 45. Kf6 Kd7 46. Rh1 Rf8+ 47. Kg6
Rf3 48. Rd1 Ke6 49. Kg5 Ke5 50. Kg4 Re3 51. Kg5 Rg3+ 52. Kh4 Kd4 53. c5 bxc5 54.
e5 Bxe5 {White resigns} 0-1

[Event "Team 45 45 League T38"]
[Site "Internet Chess Club"]
[Date "2008.08.30"]
[Round "6"]
[White "Bible"]
[Black "Warpdrive"]
[Result "0-1"]
[WhiteElo "1618"]
[BlackElo "1699"]
[Opening "Alekhine's defense: Maróczy variation"]
[ECO "B02"]
[Time "20:17:17"]
[TimeControl "2700+45"]

1. e4 Nf6 2. d3 e5 3. Nf3 Nc6 4. Be2 h6 5. b3 Bb4+ 6. c3 Be7 7. Bb2 d6 8. h3 Be6
9. Qc2 Qd7 10. Nbd2 a6 11. d4 exd4 12. cxd4 d5 13. e5 Bf5 14. Bd3 Bxd3 15. Qxd3
Qe6 16. O-O Nh5 17. a3 Nf4 18. Qc2 g5 19. Nh2 h5 20. Qd1 O-O-O 21. Qf3 Qf5 22.
Kh1 g4 23. hxg4 hxg4 24. Qe3 Rxh2+ 25. Kxh2 Rh8+ 26. Kg1 Qh5 27. f3 g3 {White
resigns} 0-1

[Event "Team 45 45 League T38"]
[Site "Internet Chess Club"]
[Date "2008.08.31"]
[Round "6"]
[White "ARMAND01968"]
[Black "Holzschlange"]
[Result "1-0"]
[WhiteElo "1836"]
[BlackElo "1900"]
[Opening "Queen's pawn game"]
[ECO "E10"]
[Time "23:16:03"]
[TimeControl "2700+45"]

1. Nf3 e6 2. c4 Nf6 3. d4 c5 4. e3 a6 5. Nc3 d5 6. cxd5 exd5 7. Be2 Nc6 8. O-O
Be7 9. dxc5 Bxc5 10. b3 d4 11. Na4 Ba7 12. exd4 Nxd4 13. Ba3 b5 14. Nxd4 Qxd4
15. Bf3 Qxd1 16. Raxd1 Rb8 17. Rfe1+ Be6 18. Bc6+ {Black resigns} 1-0

[Event "Team 45 45 League T38"]
[Site "Internet Chess Club"]
[Date "2008.08.28"]
[Round "6"]
[White "PawnMorphy"]
[Black "frank001"]
[Result "1-0"]
[WhiteElo "1829"]
[BlackElo "1746"]
[Opening "Benoni: 6.e4"]
[ECO "A65"]
[Time "21:10:46"]
[TimeControl "2700+45"]

1. d4 Nf6 2. c4 c5 3. d5 e6 4. Nc3 exd5 5. cxd5 d6 6. e4 g6 7. Bd3 Bg7 8. h3 O-O
9. Nf3 Bd7 10. O-O b5 11. a3 c4 12. Bc2 Na6 13. Bf4 Qb6 14. Re1 Rfe8 15. e5 Nh5
16. Be3 Qc7 17. g4 Bxe5 18. gxh5 Bxh3 19. Nxe5 Rxe5 20. hxg6 hxg6 21. Bf4 Rh5
22. Bg3 Qd7 23. Qe2 Kg7 24. Qe7 Qg4 25. Qxd6 Qf3 26. Be4 Qg4 27. Qxa6 Rah8 28.
Qxa7 Qg5 29. Qd4+ Kh7 30. Bf3 {Black resigns} 1-0

[Event "Team 45 45 League T38"]
[Site "Internet Chess Club"]
[Date "2008.09.02"]
[Round "6"]
[White "andrew28"]
[Black "ShanghaiTom"]
[Result "1/2-1/2"]
[WhiteElo "1793"]
[BlackElo "1796"]
[Opening "Ruy Lopez: Caro variation"]
[ECO "C70"]
[Time "11:10:49"]
[TimeControl "2700+45"]

1. e4 e5 2. Nf3 Nc6 3. Bb5 a6 4. Ba4 b5 5. Bb3 Nf6 6. d4 Nxd4 7. Bxf7+ Kxf7 8.
Nxe5+ Ke8 9. Qxd4 c5 10. Qd1 Bb7 11. O-O Be7 12. f3 d6 13. Nd3 Kf7 14. a4 Re8
15. axb5 axb5 16. Rxa8 Qxa8 17. e5 dxe5 18. Nxe5+ Kg8 19. Nc3 Bf8 20. Re1 b4 21.
Nb1 Rd8 22. Qe2 Ba6 23. Qf2 Bd6 24. Nd2 Qb8 25. Nc6 Bxh2+ 26. Kh1 Bg3 27. Nxb8
Bxf2 28. Re6 Rxb8 29. Rxa6 Re8 {Game drawn by mutual agreement} 1/2-1/2